 Dungeon Crawl Stone Soup version 0.23.2-1-ga50397a6bc (webtiles) character file.

Game seed: 15029623876415942806

331 Ethylacetat the Ruffian (level 6, 0/55 HPs)
             Began as a Naga Transmuter on Apr 14, 2019.
             Killed from afar by an orc wizard (6 damage)
             ... with a magic dart
             ... on level 4 of the Dungeon.
             The game lasted 00:08:17 (3026 turns).

Ethylacetat the Ruffian (Naga Transmuter)           Turns: 3026, Time: 00:08:18

Health: 0/55       AC:  2    Str: 12    XL:     6   Next: 52%
Magic:  8/10       EV: 19    Int: 16    God:
Gold:   223        SH:  0    Dex: 16    Spells: 7/11 levels left

rFire    . . .     SeeInvis +     - Unarmed
rCold    . . .     Gourm    .   (shield currently unavailable)
rNeg     . . .     Faith    .   (armour currently unavailable)
rPois    x         Spirit   .   (helmet currently unavailable)
rElec    .         Reflect  .   (cloak currently unavailable)
rCorr    .         Harm     .   (gloves currently unavailable)
MR       .....                  (no barding)
Stlth    +.........             h - amulet of regeneration
HPRegen  0.58/turn              (no ring)
MPRegen  0.12/turn              (no ring)

@: spider-form
A: tiny, see invisible, slow metabolism 1, spit poison 1, AC +2
a: Spit Poison, End Transformation


You were on level 4 of the Dungeon.
You were not hungry.
You were a venomous arachnid creature.
You visited 1 branch of the dungeon, and saw 4 of its levels.

You collected 223 gold pieces.

Inventory:

Missiles
 a - 30 arrows
Armour
 b - a +0 robe (melded)
Jewellery
 h - an amulet of regeneration (around neck)
Scrolls
 c - a scroll of remove curse
 e - a scroll of magic mapping {unknown}
 g - 2 scrolls of identify
Comestibles
 d - 10 rations
 f - 5 chunks of flesh


   Skills:
 + Level 2.7 Fighting
 - Level 1.5 Dodging
 + Level 4.0 Unarmed Combat
 + Level 3.1 Spellcasting
 + Level 3.3 Transmutations
 - Level 4.0 Poison Magic


You had 7 spell levels left.
You knew the following spells:

 Your Spells              Type           Power        Failure   Level  Hunger
a - Beastly Appendage     Tmut           ##....       14%         1    None
b - Spider Form           Tmut/Pois      ##........   28%         3    ###....

Your spell library contained the following spells:

 Spells                   Type           Power        Failure   Level  Hunger
 Sticks to Snakes         Tmut           ##......     19%         2    ##.....
 Ice Form                 Ice/Tmut       #.......     85%         4    ####...
 Blade Hands              Tmut           ##........   91%         5    ######.


Dungeon Overview and Level Annotations

Branches:
Dungeon (4/15)
 Temple: D:4-7

Altars:
Elyvilon
Xom
The Shining One


Innate Abilities, Weirdness & Mutations

You cannot wear boots.
((Your serpentine skin is tough. (AC +2)))
You have supernaturally acute eyesight. (SInv)
((Armour fits poorly on your strangely shaped body.))
((Your system is resistant to poisons. (rPois)))
((You cover ground very slowly.))
You have a slow metabolism.
You can spit poison.


Message History

The orc priest is severely wounded.
The orc misses you.
The orc priest hits you with a +0 hand axe.
The orc wizard hits you with a +0 dagger.
You hit the orc priest.
You kill the orc priest!
There are monsters nearby!
You barely miss the orc wizard. The orc hits you with a +0 flail.
* * * LOW HITPOINT WARNING * * *
The orc wizard hits you with a +0 dagger.
* * * LOW HITPOINT WARNING * * *
You hit the orc wizard.
The orc wizard is moderately wounded.
The orc wizard misses you. The orc hits you with a +0 flail!
* * * LOW HITPOINT WARNING * * *
You hit the orc wizard.
The orc wizard is heavily wounded.
The orc wizard casts a spell at you. The magic dart hits you.
You die...

....##.......)........#
..........#....(#....##
............._.....### # ≈
..........#.....#..## ....
..#.................#..≈.^
.##......)#.⌠.⌠.#....≈§^_.≈
.##.................#≈^♣..♣
.##.......#.....#).##≈≈..♣
...###..#.......so..# #♣.§.
...#########....o....##≈ o#
....# ##....###..##. #
....# ####.# #....# .)###
### # ### # # #


You could see an orc wizard and an orc.

Vanquished Creatures
  2 orc priests (D:4)
  Natasha (thrice) (D:2)
  An iguana (D:3)
  5 adders
  4 gnolls (D:4)
  4 oozes
  4 worms
  2 dart slugs
  2 leopard geckos
  An orc (D:3)
  3 bats
  2 giant cockroaches (D:3)
  12 hobgoblins
  2 jackals (D:2)
  7 kobolds
  A ball python (D:1)
  4 frilled lizards
  4 goblins
  A quokka skeleton (D:4)
  3 rats
67 creatures vanquished.

Notes
Turn   | Place    | Note
-------+----------+-------------------------------------------
     0 | D:1      | Ethylacetat the Naga Transmuter began the quest for the
                  | Orb.
     0 | D:1      | Reached XP level 1. HP: 18/18 MP: 3/3
   144 | D:1      | Reached XP level 2. HP: 25/25 MP: 5/5
  1060 | D:2      | Reached XP level 3. HP: 31/31 MP: 6/6
  1065 | D:2      | Learned a level 3 spell: Spider Form
  1093 | D:2      | Noticed Natasha
  1101 | D:2      | Killed Natasha
  1101 | D:2      | Reached skill level 1 in Poison Magic
  1348 | D:2      | Reached XP level 4. HP: 30/39 MP: 0/7
  1805 | D:2      | Noticed Natasha
  1812 | D:2      | Killed Natasha
  1812 | D:2      | Reached XP level 5. HP: 31/45 MP: 4/9
  1872 | D:2      | Noticed Natasha
  1878 | D:2      | Killed Natasha
  2044 | D:3      | Found a glowing golden altar of the Shining One.
  2932 | D:4      | Reached XP level 6. HP: 49/55 MP: 3/10
  2948 | D:4      | Found a white marble altar of Elyvilon.
  3008 | D:4      | Found a shimmering altar of Xom.
  3026 | D:4      | Killed from afar by an orc wizard

Skill      XL: |  1  2  3  4  5  6 |
---------------+-------------------+-----
Poison Magic   | 1 2 3 4 |  4.0
Fighting       | 2 |  2.7
Transmutations | 3 |  3.3
Spellcasting   | 3 |  3.1
Unarmed Combat | 4 |  4.0
Dodging        | |  1.5

Action                   |  1- 3 |  4- 6 || total
-------------------------+-------+-------++-------
Melee: Unarmed           |    71 |   151 ||   222
       Headbutt          |     3 |       ||     3
       Punch             |     1 |       ||     1
 Cast: Beastly Appendage |     2 |     1 ||     3
       Spider Form       |     2 |    14 ||    16
 Abil: Spit Poison       |    13 |    12 ||    25
  Use: Scroll            |       |     2 ||     2
 Stab: Sleeping          |       |     2 ||     2
  Eat: Chunk             |     1 |     8 ||     9
Armor: Robe              |     6 |    15 ||    21
       Skin              |     1 |     5 ||     6
Dodge: Dodged            |    49 |   117 ||   166
